Description

Beginning of the build, gets you to the 3rd CC, then you finish off with 2 rax, 2 ebays, 1 rax

VOD

https://www.youtube.com/watch?v=88F-a7kw69g&ab_channel=uThermal

Build Order

Get SALT Encoding   

  14  0:16  Supply Depot  
  16  0:40  Barracks  
  16  0:41  Refinery  
  17  0:56  Refinery  
  19  1:27  Orbital Command  
  19  1:28  Reaper  
  20  1:29  Supply Depot  
  20  1:44  Factory  3 helions then tech lab for tank production
  23  2:23  Command Center  
  21  2:10  Barracks Reactor  2 reapers (5 reapers and 3 helions)
  31  3:05  Starport  
  37  3:26  Refinery  
  38  3:35  Factory Tech Lab  
  40  3:45  Starport Tech Lab  
  77  5:30  Command Center  
  78  5:31  Refinery  
  82  5:40  Barracks Tech Lab  Swap the starport onto the reactor
Spawning Tool Build Advisor. Get it on Overwolf

Go to:

Details

  • Created by: mdub
  • Published on: Nov 08, 2022
  • Modified on: Nov 08, 2022
  • Patch: 4.11.0
  • Difficulty: Medium
Show
View Real Time Build Order
Export as new Build Order

Comments (3)

On Nov. 21, 2022, 12:14 p.m., Lodbrok  said:

This build is wrong and not uthermal as it lacks a vital supply depot right after first CC.

On Nov. 20, 2022, 2:09 a.m., Amendmnet9  said:

still good just lacks details ig

On Nov. 20, 2022, 1:47 a.m., Amendmnet9  said:

All of the timings are off aren't they?

Create an account to comment!